[Event "ICC tourney 2308 (3 2)"]
[Site "Internet Chess Club"]
[Date "2021.01.15"]
[Round "6"]
[White "ved2006"]
[Black "A4-H5"]
[Result "0-1"]
[ICCResult "White checkmated"]
[WhiteElo "1686"]
[BlackElo "1999"]
[Opening "Queen's pawn: Lundin (Kevitz-Mikenas) defense"]
[ECO "A40"]
[NIC "QO.17"]
[Time "21:10:33"]
[PlyCount "80"]
[TimeControl "180+2"]

1. d4 Nc6 2. Nf3 d6 3. e3 g6 4. c4 Bg7 5. Nc3 Bg4 6. Be2 Nf6 7. h3 Bf5 8.
O-O Ne4 9. Nxe4 Bxe4 10. Bd3 Bxd3 11. Qxd3 O-O 12. b3 e5 13. Bb2 Qe8 14.
dxe5 dxe5 15. e4 Rd8 16. Qe3 Nd4 17. Nxd4 exd4 18. Qd3 c5 19. a3 Qe7 20. b4
cxb4 21. axb4 a6 22. Ba3 Qe6 23. Rad1 Rfe8 24. Rfe1 Rc8 25. Rc1 Be5 26. Bb2
Red8 27. Red1 Bf4 28. Rc2 Be5 29. c5 Rd7 30. Qc4 Qf6 31. Rcd2 Rcd8 32. f3
Qf4 33. Bxd4 Rxd4 34. Rxd4 Rxd4 35. Rxd4 Qe3+ 36. Kf1 Bxd4 37. Qc2 Qg1+ 38.
Ke2 Qxg2+ 39. Kd3 Qg1 40. Qc4 Qd1# { White checkmated } 0-1

[Event "ICC tourney 2308 (3 2)"]
[Site "Internet Chess Club"]
[Date "2021.01.15"]
[Round "6"]
[White "saif-shawkat"]
[Black "iszerencsy"]
[Result "0-1"]
[ICCResult "White forfeits on time"]
[WhiteElo "2059"]
[BlackElo "1425"]
[Opening "Sicilian: Nimzovich-Rossolimo attack (with ...g6, without ...d6)"]
[ECO "B31"]
[NIC "SI.31"]
[Time "21:10:30"]
[PlyCount "52"]
[TimeControl "180+2"]

1. e4 c5 2. Nf3 Nc6 3. Bb5 g6 4. Bxc6 bxc6 5. d4 cxd4 6. Qxd4 Nf6 7. e5 Nd5
8. c4 Nc7 9. Nc3 Bg7 10. O-O O-O 11. Bg5 Ne6 12. Qh4 Nxg5 13. Nxg5 h6 14.
Nge4 d5 15. cxd5 g5 16. Qg3 cxd5 17. Rad1 e6 18. Kh1 Qc7 19. f4 dxe4 20.
Nxe4 gxf4 21. Nf6+ Kh8 22. Qxf4 Ba6 23. Rf3 Qc2 24. Rc1 Rad8 25. Rg1 Qg6
26. Rg3 Qf5 { White forfeits on time } 0-1

[Event "ICC tourney 2308 (3 2)"]
[Site "Internet Chess Club"]
[Date "2021.01.15"]
[Round "6"]
[White "PappusChain923"]
[Black "mhebden"]
[Result "0-1"]
[ICCResult "White resigns"]
[WhiteElo "2147"]
[BlackElo "2503"]
[Opening "King's Indian: Petrosian system"]
[ECO "E92"]
[NIC "KI.17"]
[Time "21:10:43"]
[PlyCount "110"]
[TimeControl "180+2"]

1. d4 Nf6 2. c4 g6 3. Nc3 Bg7 4. e4 d6 5. Nf3 O-O 6. Be2 e5 7. d5 Na6 8.
Bg5 h6 9. Bh4 g5 10. Bg3 Nh5 11. Nd2 Nf4 12. Bxf4 exf4 13. O-O Nc5 14. Qc2
a5 15. b3 f5 16. f3 Qf6 17. Rac1 Qxc3 18. Qxc3 Bxc3 19. Rxc3 fxe4 20. Nxe4
Nxe4 21. fxe4 b6 22. h3 Re8 23. Bf3 Bd7 24. Rcc1 Re5 25. a3 Be8 26. Rfe1
Bg6 27. Re2 Kg7 28. Rce1 Kf6 29. Bg4 Rae8 30. Be6 Bf7 31. Bxf7 Kxf7 32. g3
fxg3 33. Kg2 Kg6 34. Kxg3 Rf8 35. Rf2 Rxf2 36. Kxf2 h5 37. Kf3 Re7 38. b4
axb4 39. axb4 Rf7+ 40. Ke3 g4 41. hxg4 hxg4 42. Rg1 Kg5 43. Kd4 Rf4 44. Ke3
Rf3+ 45. Kd4 Rb3 46. b5 Rf3 47. Rg2 Kf4 48. Re2 g3 49. Re1 g2 50. Rg1 Kg3
51. e5 Rf4+ 52. Ke3 dxe5 53. c5 bxc5 54. d6 cxd6 55. b6 Rb4 { White resigns
} 0-1

[Event "ICC tourney 2308 (3 2)"]
[Site "Internet Chess Club"]
[Date "2021.01.15"]
[Round "6"]
[White "ASharikov"]
[Black "Assured"]
[Result "0-1"]
[ICCResult "White resigns"]
[WhiteElo "2281"]
[BlackElo "2552"]
[Opening "Queen's pawn: Yusupov-Rubinstein system"]
[ECO "A46"]
[NIC "QP.06"]
[Time "21:10:37"]
[PlyCount "59"]
[TimeControl "180+2"]

1. d4 Nf6 2. Nf3 e6 3. e3 b6 4. Bd3 Bb7 5. Nbd2 g6 6. O-O Bg7 7. e4 d6 8.
c3 Nbd7 9. Qe2 e5 10. Ba6 Bxa6 11. Qxa6 O-O 12. dxe5 dxe5 13. Qe2 Qe7 14.
Nc4 Nc5 15. Ncxe5 Nfxe4 16. Nc4 Rfe8 17. Bf4 Nxc3 18. Qxe7 Rxe7 19. Bg5
Ne2+ 20. Kh1 Re4 21. Rfe1 Rxc4 22. Rxe2 h6 23. Bh4 Nd3 24. Rd1 Nxb2 25. Rd7
Rc1+ 26. Ng1 c5 27. Bd8 Rd1 28. Rxd1 Nxd1 29. Bc7 Nc3 30. Re8+ { White
resigns } 0-1

[Event "ICC tourney 2308 (3 2)"]
[Site "Internet Chess Club"]
[Date "2021.01.15"]
[Round "6"]
[White "SuperBlueSky"]
[Black "RatislavK"]
[Result "0-1"]
[ICCResult "White checkmated"]
[WhiteElo "1562"]
[BlackElo "1533"]
[Opening "King's Indian: orthodox, 7...Nbd7"]
[ECO "E94"]
[NIC "KI.12"]
[Time "21:10:25"]
[PlyCount "120"]
[TimeControl "180+2"]

1. d4 Nf6 2. c4 g6 3. Nc3 Bg7 4. Nf3 O-O 5. e4 d6 6. Be2 Nbd7 7. O-O e5 8.
d5 a5 9. Qc2 Re8 10. Ne1 Nc5 11. f3 Bd7 12. Be3 c6 13. Bxc5 dxc5 14. Nd3
cxd5 15. cxd5 c4 16. Nc5 b5 17. Nxd7 Qxd7 18. a4 b4 19. Nb5 Rec8 20. Bxc4
Nh5 21. Rfc1 Nf4 22. Qf2 Bf8 23. b3 Bc5 24. g3 Bxf2+ 25. Kxf2 Nh5 26. Kg2
Ng7 27. Rd1 Ne8 28. Rac1 Nd6 29. Nxd6 Qxd6 30. Rd2 Rc7 31. Rdc2 Rac8 32.
Rd1 Kg7 33. Rdc1 f5 34. Rd1 Rxc4 35. bxc4 b3 36. Rc3 Qb4 37. Rcc1 b2 38.
Rb1 Rxc4 39. d6 Rd4 40. d7 Qd6 41. Rxd4 Qxd4 42. Kh3 Qxd7 43. Rxb2 fxe4+
44. Kg2 exf3+ 45. Kxf3 Qd5+ 46. Kg4 Qd4+ 47. Kh3 Qxb2 48. g4 Qb3+ 49. Kh4
e4 50. h3 e3 51. g5 e2 52. Kg4 h5+ 53. Kf4 e1=Q 54. h4 Qf2+ 55. Ke4 Qbe3+
56. Kd5 Qfd2+ 57. Kc6 Qec3+ 58. Kb5 Qdb2+ 59. Ka6 Qc6+ 60. Ka7 Qbb7# {
White checkmated } 0-1

[Event "ICC tourney 2308 (3 2)"]
[Site "Internet Chess Club"]
[Date "2021.01.15"]
[Round "6"]
[White "chessrex"]
[Black "GrandWizard"]
[Result "1-0"]
[ICCResult "Black forfeits on time"]
[WhiteElo "1949"]
[BlackElo "1806"]
[Opening "Caro-Kann defense"]
[ECO "B15"]
[NIC "CK.05"]
[Time "21:11:18"]
[PlyCount "61"]
[TimeControl "180+2"]

1. d4 d5 2. e4 c6 3. Nc3 Nf6 4. Be3 dxe4 5. f3 exf3 6. Nxf3 e6 7. Bd3 Bb4
8. O-O Bxc3 9. bxc3 Nbd7 10. Qe1 Nd5 11. Bd2 O-O 12. Bxh7+ Kxh7 13. Ng5+
Kg8 14. Qh4 N5f6 15. Rf3 Re8 16. c4 b6 17. Rh3 Kf8 18. Qh8+ Ke7 19. Qxg7
Rf8 20. Re1 Qe8 21. Rxe6+ Kd8 22. Rxe8+ Rxe8 23. Nxf7+ Kc7 24. Ne5 Kb7 25.
Bg5 Rg8 26. Qh6 Nxe5 27. dxe5 Bxh3 28. Qxf6 Raf8 29. Qe7+ Ka6 30. gxh3 Rf5
31. h4 { Black forfeits on time } 1-0

[Event "ICC tourney 2308 (3 2)"]
[Site "Internet Chess Club"]
[Date "2021.01.15"]
[Round "6"]
[White "woochess"]
[Black "MrWizard"]
[Result "1-0"]
[ICCResult "Black forfeits on time"]
[WhiteElo "2595"]
[BlackElo "2019"]
[Opening "QGA: classical variation, 6.O-O"]
[ECO "D26"]
[NIC "QG.08"]
[Time "21:10:27"]
[PlyCount "85"]
[TimeControl "180+2"]

1. d4 d5 2. c4 dxc4 3. Nf3 Nf6 4. e3 e6 5. Bxc4 c5 6. O-O Be7 7. dxc5 Qxd1
8. Rxd1 Bxc5 9. b3 a6 10. Be2 Nc6 11. Bb2 Bd7 12. Nbd2 Bb6 13. Nc4 Bc7 14.
Nd6+ Bxd6 15. Rxd6 Nd5 16. Rd1 O-O-O 17. e4 Nf4 18. Bf1 f6 19. e5 Rhf8 20.
exf6 gxf6 21. g3 Ng6 22. Bh3 f5 23. Bf1 Kc7 24. Ng5 h6 25. Rxd7+ Rxd7 26.
Nxe6+ Kc8 27. Rxd7 Kxd7 28. Nxf8+ Nxf8 29. Bg7 Ne6 30. Bxh6 Ned4 31. Be3
Nf3+ 32. Kh1 Nfe5 33. a3 Ke6 34. Kg2 Na5 35. b4 Nac4 36. Bc1 Nd6 37. h4 Kf7
38. h5 Ne4 39. Bb2 Nc6 40. Bc4+ Ke7 41. h6 Ng5 42. Bg8 Kf8 43. h7 { Black
forfeits on time } 1-0

[Event "ICC tourney 2308 (3 2)"]
[Site "Internet Chess Club"]
[Date "2021.01.15"]
[Round "6"]
[White "clair"]
[Black "haarim"]
[Result "1/2-1/2"]
[ICCResult "Game drawn by repetition"]
[WhiteElo "1681"]
[BlackElo "1491"]
[Opening "Queen's pawn"]
[ECO "A40"]
[NIC "QO.17"]
[Time "21:10:29"]
[PlyCount "78"]
[TimeControl "180+2"]

1. d4 e6 2. Bf4 d5 3. e3 Bd6 4. Bg3 Nf6 5. Nf3 O-O 6. c3 Nbd7 7. Ne5 c6 8.
Nxf7 Rxf7 9. Bxd6 Ne8 10. Bg3 Qe7 11. Bd3 e5 12. dxe5 Nxe5 13. Bxe5 Qxe5
14. O-O Rf6 15. Nd2 Rh6 16. Nf3 Qc7 17. g3 Bg4 18. Be2 Qc8 19. Qd4 Bxf3 20.
Bxf3 Qh3 21. Rfd1 Qxh2+ 22. Kf1 Qh3+ 23. Ke2 Qe6 24. c4 dxc4 25. Rh1 Rxh1
26. Rxh1 Nf6 27. Rh4 c3 28. bxc3 Qxa2+ 29. Kf1 Qe6 30. Kg2 a5 31. Qb6 Qd7
32. Ra4 Ra6 33. Qb3+ Qf7 34. Qa3 Qf8 35. Qb3+ Qf7 36. Qa3 Qf8 37. Qb3+ Qf7
38. Qa3 Qf8 39. Qb3+ Qf7 { Game drawn by repetition } 1/2-1/2

[Event "ICC tourney 2308 (3 2)"]
[Site "Internet Chess Club"]
[Date "2021.01.15"]
[Round "6"]
[White "jy2020"]
[Black "Jesuscalling"]
[Result "1-0"]
[ICCResult "Black checkmated"]
[WhiteElo "2213"]
[BlackElo "2050"]
[Opening "Caro-Kann: two knights variation"]
[ECO "B10"]
[NIC "CK.01"]
[Time "21:10:31"]
[PlyCount "111"]
[TimeControl "180+2"]

1. e4 c6 2. Nf3 d5 3. Nc3 e6 4. d4 Bb4 5. e5 c5 6. a3 Bxc3+ 7. bxc3 Nc6 8.
a4 cxd4 9. cxd4 Nge7 10. c3 Bd7 11. Bd3 Rc8 12. O-O Na5 13. Qc2 h6 14. Nd2
O-O 15. Ba3 Re8 16. f4 Nec6 17. Qb2 Ne7 18. Rac1 b6 19. h3 Bxa4 20. g4 Nc4
21. Bxc4 dxc4 22. Ne4 Bc6 23. Nd6 Ba8 24. f5 exf5 25. gxf5 Nd5 26. f6 g6
27. Qd2 g5 28. Qe2 Rc7 29. Qh5 Nxf6 30. Rxf6 Qe7 31. Qxh6 Qf8 32. Qxg5+ Qg7
33. Qxg7+ Kxg7 34. Kf2 Rh8 35. Rg1+ Kf8 36. Nxf7+ Ke8 37. Nxh8 Rh7 38. Rg8+
Kd7 39. Rf7+ Rxf7+ 40. Nxf7 Bd5 41. Rg7 Kc6 42. h4 Kb5 43. h5 Ka4 44. h6
Kxa3 45. h7 Kb2 46. h8=Q Kxc3 47. Rg3+ Kxd4 48. e6+ Kc5 49. e7 Bxf7 50.
e8=Q Bxe8 51. Qxe8 b5 52. Rg5+ Kd4 53. Qe5+ Kd3 54. Rg3+ Kc2 55. Qc3+ Kd1
56. Rg1# { Black checkmated } 1-0

[Event "ICC tourney 2308 (3 2)"]
[Site "Internet Chess Club"]
[Date "2021.01.15"]
[Round "6"]
[White "bnielsen19"]
[Black "pyaru536"]
[Result "0-1"]
[ICCResult "White forfeits on time"]
[WhiteElo "1565"]
[BlackElo "2092"]
[Opening "Scotch game"]
[ECO "C45"]
[NIC "SO.05"]
[Time "21:10:33"]
[PlyCount "54"]
[TimeControl "180+2"]

1. e4 e5 2. Nf3 Nc6 3. d4 exd4 4. Nxd4 Bc5 5. Be3 Qf6 6. c3 Nge7 7. Bc4 Ne5
8. Be2 Qg6 9. O-O d6 10. Kh1 O-O 11. f3 Kh8 12. Nd2 f5 13. exf5 Nxf5 14.
Nxf5 Bxf5 15. Bxc5 dxc5 16. Qb3 Rad8 17. Nc4 Nd3 18. Qxb7 Nf4 19. Rf2 Rde8
20. Bf1 Be6 21. Ne5 Qf5 22. Qxc7 Bd5 23. Nd7 Rf7 24. Qxc5 Qxd7 25. Rd1 Qb7
26. g3 Bxf3+ 27. Kg1 Bxd1 { White forfeits on time } 0-1

[Event "ICC tourney 2308 (3 2)"]
[Site "Internet Chess Club"]
[Date "2021.01.15"]
[Round "6"]
[White "mchessmaster"]
[Black "CheddarCheng1"]
[Result "1/2-1/2"]
[ICCResult "Game drawn because neither player has mating material"]
[WhiteElo "1955"]
[BlackElo "1424"]
[Opening "Four knights: Spanish variation"]
[ECO "C48"]
[NIC "KP.03"]
[Time "21:10:43"]
[PlyCount "129"]
[TimeControl "180+2"]

1. e4 e5 2. Nf3 Nc6 3. Nc3 Nf6 4. Bb5 d6 5. d4 exd4 6. Nxd4 Bd7 7. Nf5 Bxf5
8. exf5 Be7 9. O-O O-O 10. Bxc6 bxc6 11. Re1 d5 12. Bf4 Qd7 13. Qd4 c5 14.
Qe5 Bd6 15. Qe3 d4 16. Qg3 dxc3 17. Bxd6 cxd6 18. bxc3 Qxf5 19. Qxd6 Qxc2
20. Qxc5 Rac8 21. Qxa7 Qxc3 22. Qa4 Ra8 23. Qf4 Rfe8 24. Rec1 Qb2 25. Rcb1
Qe2 26. h3 Rxa2 27. Rxa2 Qxa2 28. Rb6 Qa5 29. Rd6 Qe1+ 30. Kh2 Ne4 31. Rd7
Rf8 32. Re7 Qxf2 33. Rxe4 Qxf4+ 34. Rxf4 f5 35. Kg3 g5 36. Rb4 h5 37. Rb6
f4+ 38. Kf3 Kg7 39. Rb5 Kg6 40. Rb6+ Rf6 41. Rb5 Re6 42. Kf2 g4 43. hxg4
hxg4 44. Rb8 Kg5 45. Rg8+ Rg6 46. Rf8 Rf6 47. Rg8+ Kf5 48. Re8 Rb6 49. Rf8+
Kg5 50. Rg8+ Rg6 51. Rf8 Rf6 52. Rg8+ Kf5 53. Re8 Re6 54. Rf8+ Ke4 55. g3
f3 56. Rf4+ Ke5 57. Rxg4 Rf6 58. Rh4 Rf5 59. Rh3 Ke4 60. Rh4+ Ke5 61. g4
Rf4 62. Rh5+ Kf6 63. Rf5+ Rxf5 64. gxf5 Kxf5 65. Kxf3 { Game drawn because
neither player has mating material } 1/2-1/2

[Event "ICC tourney 2308 (3 2)"]
[Site "Internet Chess Club"]
[Date "2021.01.15"]
[Round "6"]
[White "sarvadh"]
[Black "YKQ"]
[Result "0-1"]
[ICCResult "White forfeits on time"]
[WhiteElo "2250"]
[BlackElo "2550"]
[Opening "Philidor: Improved Hanham variation"]
[ECO "B07"]
[NIC "PU.08"]
[Time "21:10:25"]
[PlyCount "66"]
[TimeControl "180+2"]

1. e4 d6 2. d4 Nf6 3. Nc3 e5 4. Nf3 Nbd7 5. Be2 Be7 6. Be3 c6 7. h3 Qc7 8.
Qd2 h6 9. O-O-O b5 10. Bd3 b4 11. Ne2 a5 12. g4 c5 13. dxe5 dxe5 14. Bb5 c4
15. Ng3 c3 16. Qd3 cxb2+ 17. Kb1 O-O 18. Nf5 Nc5 19. Bxc5 Bxc5 20. g5 hxg5
21. Nxg5 Bxf5 22. exf5 Bxf2 23. Ne4 Nxe4 24. Qxe4 Rad8 25. Bd3 Rd4 26. Qe2
Bh4 27. Be4 Bf6 28. h4 a4 29. Rxd4 exd4 30. h5 b3 31. axb3 axb3 32. cxb3 d3
33. Bxd3 Ra8 { White forfeits on time } 0-1

[Event "ICC tourney 2308 (3 2)"]
[Site "Internet Chess Club"]
[Date "2021.01.15"]
[Round "6"]
[White "blackjack721"]
[Black "acgc"]
[Result "1-0"]
[ICCResult "Black checkmated"]
[WhiteElo "1454"]
[BlackElo "946"]
[Opening "Giuoco Piano"]
[ECO "C54"]
[NIC "IG.02"]
[Time "21:10:47"]
[PlyCount "87"]
[TimeControl "180+2"]

1. e4 e5 2. Nf3 Nc6 3. Bc4 Bc5 4. c3 Nf6 5. Qb3 O-O 6. d3 d6 7. Bg5 Na5 8.
Qc2 Nxc4 9. dxc4 Be6 10. b4 Bb6 11. Nbd2 c5 12. O-O cxb4 13. cxb4 Rc8 14.
Rad1 a5 15. a3 Bg4 16. h3 Bh5 17. Rfe1 Re8 18. Qb3 Re6 19. g4 Bg6 20. Nh4
Qc7 21. Nxg6 hxg6 22. b5 Qc5 23. Be3 Qc7 24. a4 Nd7 25. Rc1 Nc5 26. Qa3 f6
27. f4 exf4 28. Bd4 g5 29. Nf3 Rxe4 30. Bf2 Rxe1+ 31. Rxe1 Qf7 32. Qa2 Nd7
33. Bxb6 Nxb6 34. h4 gxh4 35. Nxh4 Qxc4 36. Qg2 f3 37. Nxf3 Qc5+ 38. Kh2
Qc4 39. Re7 Qf4+ 40. Kh3 Nd5 41. Rxb7 f5 42. gxf5 Qxf5+ 43. Kh2 Nf4 44.
Qxg7# { Black checkmated } 1-0

[Event "ICC tourney 2308 (3 2)"]
[Site "Internet Chess Club"]
[Date "2021.01.15"]
[Round "6"]
[White "CaptK"]
[Black "chesssky"]
[Result "1/2-1/2"]
[ICCResult "Game drawn by repetition"]
[WhiteElo "2368"]
[BlackElo "1991"]
[Opening "Caro-Kann: classical, Spassky variation"]
[ECO "B19"]
[NIC "CK.12"]
[Time "21:10:28"]
[PlyCount "86"]
[TimeControl "180+2"]

1. e4 c6 2. d4 d5 3. Nc3 dxe4 4. Nxe4 Bf5 5. Ng3 Bg6 6. h4 h6 7. Nf3 Nd7 8.
h5 Bh7 9. Bd3 Bxd3 10. Qxd3 e6 11. Bd2 Ngf6 12. O-O-O Be7 13. Kb1 O-O 14.
Nf1 c5 15. Bc3 cxd4 16. Bxd4 Qc7 17. Ne3 Rfd8 18. Qc3 Qxc3 19. Bxc3 Ne4 20.
Be1 Rac8 21. c3 Ndc5 22. Rxd8+ Rxd8 23. Nd4 Bg5 24. Nc4 b5 25. Ne5 f6 26.
Nec6 Rd6 27. f3 e5 28. fxe4 exd4 29. Nxd4 Nxe4 30. Kc2 a6 31. Bh4 Rd7 32.
Re1 Nc5 33. Bg3 b4 34. Nf3 bxc3 35. bxc3 Na4 36. Re8+ Kf7 37. Rc8 Rb7 38.
Kd3 Rb2 39. Rc7+ Kg8 40. Rc8+ Kf7 41. Rc7+ Kg8 42. Rc8+ Kf7 43. Rc7+ Kg8 {
Game drawn by repetition } 1/2-1/2

[Event "ICC tourney 2308 (3 2)"]
[Site "Internet Chess Club"]
[Date "2021.01.15"]
[Round "6"]
[White "MrNormalName"]
[Black "DualMoneytime"]
[Result "1-0"]
[ICCResult "Black forfeits on time"]
[WhiteElo "2174"]
[BlackElo "1982"]
[Opening "QGD Slav defense"]
[ECO "D10"]
[NIC "SL.01"]
[Time "21:11:18"]
[PlyCount "65"]
[TimeControl "180+2"]

1. d4 d5 2. c4 c6 3. Nc3 Nf6 4. e3 a6 5. Nf3 Bf5 6. Qb3 b5 7. cxd5 cxd5 8.
a4 b4 9. Qxb4 Nc6 10. Qb3 Rb8 11. Nb5 e6 12. Bd2 Ne4 13. Rc1 Nxd2 14. Nxd2
Na5 15. Qc3 axb5 16. Bxb5+ Ke7 17. O-O f6 18. b4 Nc4 19. Nxc4 dxc4 20. Qxc4
Kf7 21. f3 Bd6 22. e4 Bg6 23. a5 Rc8 24. Qb3 Qe7 25. Bc4 Bxb4 26. Bxe6+
Qxe6 27. Qxb4 Rxc1 28. Rxc1 Rd8 29. Rc7+ Rd7 30. d5 Qe8 31. Qb7 Rxc7 32.
Qxc7+ Kf8 33. d6 { Black forfeits on time } 1-0

[Event "ICC tourney 2308 (3 2)"]
[Site "Internet Chess Club"]
[Date "2021.01.15"]
[Round "6"]
[White "ChiefDas"]
[Black "WaSabi5829"]
[Result "1/2-1/2"]
[ICCResult "Black stalemated"]
[WhiteElo "1857"]
[BlackElo "1386"]
[Opening "Sicilian: dragon, Yugoslav attack, 9.Bc4"]
[ECO "B77"]
[NIC "SI.18"]
[Time "21:10:33"]
[PlyCount "137"]
[TimeControl "180+2"]

1. e4 c5 2. Nf3 d6 3. d4 cxd4 4. Nxd4 Nf6 5. Nc3 g6 6. Be3 Bg7 7. f3 O-O 8.
Bc4 Nc6 9. Qd2 Nxd4 10. Bxd4 h5 11. Kd1 a6 12. Nd5 Nxd5 13. Bxg7 Kxg7 14.
Bxd5 Qb6 15. Qc3+ f6 16. Ke2 e6 17. Bb3 Bd7 18. Rhd1 Rac8 19. Qd4 Bb5+ 20.
c4 Qxd4 21. Rxd4 e5 22. Rxd6 Bxc4+ 23. Bxc4 Rxc4 24. Rd7+ Rf7 25. Rad1 Rc2+
26. R1d2 Rxd2+ 27. Rxd2 Rc7 28. Kd3 Kf7 29. Rc2 Rd7+ 30. Ke3 Ke6 31. Rc8 g5
32. Re8+ Kf7 33. Rh8 h4 34. Rh7+ Ke6 35. Rxd7 Kxd7 36. Kd3 Kd6 37. Kc4 Kc6
38. b4 b6 39. a4 b5+ 40. axb5+ axb5+ 41. Kb3 Kb6 42. Kc3 Kc6 43. Kd3 Kd6
44. Ke3 Ke6 45. g3 hxg3 46. hxg3 Kd6 47. Kd3 Ke6 48. Ke3 Kd6 49. f4 gxf4+
50. gxf4 exf4+ 51. Kxf4 Ke6 52. Ke3 Ke5 53. Kd3 Kd6 54. Kd4 Kc6 55. e5
fxe5+ 56. Kxe5 Kb6 57. Kd6 Kb7 58. Kc5 Kc7 59. Kxb5 Kb7 60. Kc5 Kc7 61. b5
Kb7 62. b6 Kb8 63. Kb5 Kb7 64. Ka5 Kb8 65. Kb5 Kb7 66. Kc5 Kb8 67. Kc6 Kc8
68. b7+ Kb8 69. Kb6 { Black stalemated } 1/2-1/2

[Event "ICC tourney 2308 (3 2)"]
[Site "Internet Chess Club"]
[Date "2021.01.15"]
[Round "6"]
[White "ZYCON"]
[Black "arunjayanthi"]
[Result "1-0"]
[ICCResult "Black checkmated"]
[WhiteElo "1385"]
[BlackElo "1524"]
[Opening "QGD Slav: 3.Nf3"]
[ECO "D11"]
[NIC "SL.01"]
[Time "21:10:28"]
[PlyCount "117"]
[TimeControl "180+2"]

1. d4 d5 2. c4 c6 3. Nf3 e6 4. e3 dxc4 5. Bxc4 Nf6 6. O-O Bd6 7. Nc3 O-O 8.
e4 Bc7 9. Bg5 Nbd7 10. e5 h6 11. exf6 hxg5 12. fxg7 Kxg7 13. Re1 Qf6 14. h3
b5 15. Bd3 e5 16. dxe5 Nxe5 17. Nxe5 Bxe5 18. Rc1 Bb7 19. Ne4 Qf4 20. Nc3
Bd4 21. Qc2 c5 22. Nxb5 Rfe8 23. Nxd4 Qxd4 24. Rxe8 Rxe8 25. Qc3 Qxc3 26.
Rxc3 Re1+ 27. Kh2 Ra1 28. Rxc5 Rxa2 29. Rxg5+ Kf6 30. Rb5 Ba6 31. Rb3 Bxd3
32. Rxd3 Rxb2 33. Ra3 Rb7 34. Kg3 Kg5 35. Ra5+ Kg6 36. f3 f5 37. h4 Kf6 38.
Ra6+ Ke5 39. Ra5+ Kf6 40. f4 Rb3+ 41. Kh2 Rb7 42. Ra6+ Kg7 43. h5 Rc7 44.
Ra5 Kf6 45. Ra6+ Kg7 46. Kh3 Rf7 47. Kh4 Kh7 48. g4 fxg4 49. Kxg4 Kg7 50.
Kg5 Rb7 51. h6+ Kf7 52. Rf6+ Kg8 53. Kg6 Rb6 54. h7+ Kh8 55. Rxb6 axb6 56.
f5 b5 57. f6 b4 58. f7 b3 59. f8=Q# { Black checkmated } 1-0

[Event "ICC tourney 2308 (3 2)"]
[Site "Internet Chess Club"]
[Date "2021.01.15"]
[Round "6"]
[White "MarfaEs"]
[Black "rychessmaster1"]
[Result "0-1"]
[ICCResult "White resigns"]
[WhiteElo "2004"]
[BlackElo "2187"]
[Opening "English: Bremen, reverse dragon"]
[ECO "A22"]
[NIC "EO.10"]
[Time "21:11:10"]
[PlyCount "118"]
[TimeControl "180+2"]

1. c4 e5 2. Nc3 Nf6 3. g3 d5 4. cxd5 Nxd5 5. Bg2 Nb6 6. d3 Nc6 7. Nf3 Be6
8. O-O Be7 9. Be3 O-O 10. Nd2 h6 11. Rc1 f5 12. Nb3 Nd5 13. Bc5 b6 14. Nxd5
Bxc5 15. Nxb6 Bxb6 16. Bxc6 Rb8 17. Qc2 Qd6 18. Bg2 f4 19. Nd2 fxg3 20.
hxg3 Bg4 21. Nc4 Qg6 22. Nxb6 Rxb6 23. e3 Bf3 24. Qxc7 Rxb2 25. Qxa7 Qxg3
26. fxg3 Rxg2+ 27. Kh1 Rxa2+ 28. Rxf3 Rxa7 29. Rxf8+ Kxf8 30. Kg2 Kf7 31.
Rc6 Ra3 32. Rd6 Ke7 33. Rd5 Ke6 34. e4 g5 35. Kf3 h5 36. Rd8 Rb3 37. Kg2
Rb2+ 38. Kh3 Rc2 39. Rh8 g4+ 40. Kh4 Rh2+ 41. Kg5 Rh3 42. Rxh5 Rxg3 43. Rh4
Rxd3 44. Rxg4 Rf3 45. Kg6 Kd6 46. Kg7 Kc5 47. Rg5 Kd4 48. Rg4 Rf4 49. Rg1
Kxe4 50. Kg6 Kf3 51. Ra1 e4 52. Kg5 Rg4+ 53. Kf5 Rh4 54. Rf1+ Ke2 55. Ra1
e3 56. Ke5 Kf2 57. Kf5 e2 58. Ra2 Kf1 59. Rxe2 Kxe2 { White resigns } 0-1

[Event "ICC tourney 2308 (3 2)"]
[Site "Internet Chess Club"]
[Date "2021.01.15"]
[Round "6"]
[White "Kinawa"]
[Black "drberkley"]
[Result "0-1"]
[ICCResult "White checkmated"]
[WhiteElo "1535"]
[BlackElo "1952"]
[Opening "Pirc: Austrian attack"]
[ECO "B09"]
[NIC "PU.06"]
[Time "21:10:27"]
[PlyCount "118"]
[TimeControl "180+2"]

1. e4 d6 2. d4 Nf6 3. Nc3 g6 4. f4 Bg7 5. Nf3 O-O 6. h3 c5 7. d5 Nh5 8. Be3
Ng3 9. Rg1 a6 10. a4 e6 11. Bd3 exd5 12. Nxd5 Bxb2 13. Rb1 Bg7 14. Bf2 Nh5
15. g4 Nf6 16. Bh4 Qa5+ 17. Kf1 Nxd5 18. exd5 Qxa4 19. f5 Bd4 20. Rg2 Nd7
21. g5 gxf5 22. Bxf5 Ne5 23. Bxc8 Raxc8 24. Nxe5 dxe5 25. Qd3 e4 26. Qe2
Qd7 27. Bf2 Qxh3 28. Bxd4 cxd4 29. Rxb7 Qh1+ 30. Rg1 Qh3+ 31. Rg2 Qf3+ 32.
Qxf3 exf3 33. Rf2 f6 34. Rxf3 fxg5 35. Rxf8+ Rxf8+ 36. Kg2 Rf5 37. Rb8+ Kf7
38. Rb4 Rxd5 39. Rc4 a5 40. Ra4 Kf6 41. Rc4 Kf5 42. Ra4 Ke4 43. Rc4 Ke3 44.
Rc7 h5 45. Rh7 h4 46. Re7+ Kd2 47. Rc7 a4 48. c4 dxc3 49. Rf7 c2 50. Rf2+
Kc1 51. Rf1+ Rd1 52. Rxd1+ Kxd1 53. Kh1 c1=Q 54. Kh2 Qd2+ 55. Kh1 Qe2 56.
Kg1 Kd2 57. Kh1 a3 58. Kg1 a2 59. Kh1 a1=Q# { White checkmated } 0-1

[Event "ICC tourney 2308 (3 2)"]
[Site "Internet Chess Club"]
[Date "2021.01.15"]
[Round "6"]
[White "DejaVu"]
[Black "ThomasBoyle"]
[Result "0-1"]
[ICCResult "White checkmated"]
[WhiteElo "1850"]
[BlackElo "1283"]
[Opening "Petrov: modern attack, Symmetrical variation"]
[ECO "C43"]
[NIC "RG.02"]
[Time "21:12:08"]
[PlyCount "84"]
[TimeControl "180+2"]

1. e4 e5 2. Nf3 Nf6 3. d4 Nxe4 4. dxe5 d5 5. Bd3 Bb4+ 6. c3 Bc5 7. O-O O-O
8. Nbd2 Nxf2 9. Rxf2 Bxf2+ 10. Kxf2 c5 11. Bc2 Nc6 12. Nf1 Bg4 13. Ne3 Bxf3
14. Qxf3 Nxe5 15. Qxd5 Qh4+ 16. Kg1 Rfe8 17. Qe4 Qf6 18. Qxh7+ Kf8 19. Qf5
Qb6 20. Nd5 Qd6 21. Be4 g6 22. Qf6 Qxf6 23. Nxf6 Re6 24. Bh6+ Ke7 25. Nd5+
Kd7 26. Bg5 Rh8 27. Rd1 Kc8 28. b3 f5 29. Ne7+ Kb8 30. Bf4 Rxe7 31. Rd6
fxe4 32. Bg5 Rd7 33. Re6 Rd1+ 34. Kf2 Nd3+ 35. Ke3 Rxh2 36. Rxe4 Rxg2 37.
Bf6 Rg3+ 38. Ke2 Re1+ 39. Kd2 Rxe4 40. Bg7 Rh4 41. c4 Rh2+ 42. Kc3 Ne1# {
White checkmated } 0-1

[Event "ICC tourney 2308 (3 2)"]
[Site "Internet Chess Club"]
[Date "2021.01.15"]
[Round "6"]
[White "kurumania"]
[Black "Openyagami"]
[Result "1-0"]
[ICCResult "Black forfeits on time"]
[WhiteElo "2514"]
[BlackElo "2606"]
[Opening "Sicilian: Nimzovich-Rossolimo attack (without ...d6)"]
[ECO "B30"]
[NIC "SI.31"]
[Time "21:10:55"]
[PlyCount "99"]
[TimeControl "180+2"]

1. e4 c5 2. Nf3 Nc6 3. Bb5 d6 4. O-O Bd7 5. Re1 g6 6. c3 a6 7. Bxc6 Bxc6 8.
d4 Bg7 9. d5 Bd7 10. a4 Bg4 11. a5 Nf6 12. Nbd2 O-O 13. Nc4 Nd7 14. Bf4 b5
15. axb6 Nxb6 16. Na5 Qc7 17. h3 Bd7 18. e5 c4 19. Qd2 Na4 20. Nc6 Bxc6 21.
dxc6 Qxc6 22. exd6 exd6 23. Qxd6 Qb5 24. Nd4 Qxb2 25. Rxa4 Rfd8 26. Qa3 Qb7
27. Rxc4 Re8 28. Rxe8+ Rxe8 29. Nf3 Qb1+ 30. Kh2 Qf1 31. Qa4 Rd8 32. Bg5
Rb8 33. Be3 Bf8 34. Rd4 h5 35. Rd1 Qe2 36. Rd2 Qf1 37. Qd1 Qc4 38. Bd4 a5
39. Be5 Re8 40. Kg1 a4 41. Rd8 Qc6 42. Rxe8 Qxe8 43. c4 a3 44. Bc3 Qa8 45.
Qd5 Qb8 46. Qd4 Qb1+ 47. Kh2 f6 48. Qxf6 a2 49. Ng5 Bd6+ 50. Qxd6 { Black
forfeits on time } 1-0